 Dungeon Crawl Stone Soup version 0.29.1-13-g9f3cf754e1 (webtiles) character file.

Game seed: 17964016663566870763

53030 DearGrease the Crack Shot (level 15, -26/103 HPs)
             Began as a Kobold Hunter on Feb 2, 2023.
             Was the Champion of Dithmenos.
             Annihilated by a death yak (34 damage)
             ... summoned by a spriggan berserker
             ... on level 2 of the Depths.
             The game lasted 00:38:52 (18194 turns).

DearGrease the Crack Shot (Kobold Hunter)          Turns: 18194, Time: 00:38:52

Health: -26/103    AC: 16    Str:  8    XL:     15   Next: 8%
Magic:  11/15      EV: 24    Int: 11    God:    Dithmenos [******]
Gold:   1960       SH:  5    Dex: 26    Spells: 14/14 levels left

rFire   . . .      SeeInvis .   M - +4 arbalest (chaos)
rCold   . . .      Faith    .   (shield currently unavailable)
rNeg    + . .      Spirit   .   z - +0 steam dragon scales
rPois   .          Reflect  +   (helmet restricted)
rElec   .          Harm     .   G - scarf {+Inv}
rCorr   .          Rampage  .   (no gloves)
Will    +....                   y - +0 pair of boots
Stlth   +++++++++.              e - amulet of reflection
HPRegen 0.27/turn               l - ring of positive energy
MPRegen 0.14/turn               h - +4 ring of protection

@: about to teleport, wreathed by umbra, unable to drink
A: small, no large weapons, nightstalker 3, antennae 1, iridescent scales 3,
inability to drink after injury 1
a: Renounce Religion, Evoke Invisibility, Shadow Step, Shadow Form


You were on level 2 of the Depths.
You worshipped Dithmenos.
Dithmenos was exalted by your worship.
You visited 3 branches of the dungeon, and saw 18 of its levels.

You collected 2188 gold pieces.
You spent 228 gold pieces at shops.

Inventory:

Hand Weapons
 a - a +0 shortbow
 f - the +1 arbalest of Tumult {speed, Dex+2}
   (You bought it in a shop on level 2 of the Dungeon)

   Attacks with this weapon are significantly faster.
   Dex:       It affects your dexterity (+2).
 M - a +4 arbalest of chaos (weapon)
Missiles
 j - 7 throwing nets
 s - 3 boomerangs of dispersal
Armour
 c - a +0 leather armour
 n - a +0 helmet
 x - the +1 helmet of Good Intentions {Harm Rampage rCorr SInv}
   (You acquired it on level 6 of the Dungeon)

   SInv:      It lets you see invisible.
   rCorr:     It protects you from acid and corrosion.
   Harm:      It increases damage dealt and taken.
   Rampage:   It bestows one free step when moving towards enemies.
 y - a +0 pair of boots (worn)
 z - +0 steam dragon scales (worn)
 G - a scarf of invisibility (worn)
Jewellery
 e - an amulet of reflection (around neck)
 h - a +4 ring of protection (right hand)
 l - a ring of positive energy (left hand)
 A - a ring of poison resistance
 N - a ring of resist corrosion
 O - a ring of ice
 P - the amulet of Erghop Odink {Fragile Regen+ Int+5}
   (You found it on level 12 of the Dungeon)

   [amulet of regeneration]

   Int:       It affects your intelligence (+5).
   Regen:     It increases your rate of health regeneration.
   Fragile:   It will be destroyed if unequipped.
Wands
 D - a wand of flame (10)
 H - a wand of charming (2)
 I - a wand of polymorph (6)
 L - a wand of digging (6)
Scrolls
 b - 5 scrolls of immolation
 g - a scroll of fear {unknown}
 m - 8 scrolls of fog
 q - a scroll of silence {unknown}
 r - 3 scrolls of teleportation
 u - 4 scrolls of noise {unknown}
 w - 6 scrolls of vulnerability
 B - a scroll of enchant armour {unknown}
 E - 6 scrolls of poison
 F - a scroll of amnesia {unknown}
Potions
 d - 4 potions of magic
 i - 2 potions of lignification
 k - 11 potions of curing
 o - 3 potions of berserk rage
 p - 2 potions of flight
 t - 3 potions of brilliance
 v - 3 potions of haste
 C - a potion of resistance {unknown}
 J - 2 potions of attraction {unknown}
Miscellaneous
 K - a box of beasts


   Skills:
 + Level 15.2 Fighting
 + Level 23.4 Ranged Weapons
 + Level 2.5 Armour
 + Level 9.6 Dodging
 + Level 6.3 Stealth
 + Level 3.8 Shields
 + Level 0.5 Evocations


You had 14 spell levels left.
You didn't know any spells.
Your spell library contained the following spells:

 Spells                   Type           Power      Damage    Failure   Level
 Sting                    Tmut/Pois      0%         1d3       34%         1
 Dazzling Flash           Conj/Hex       0%         N/A       71%         3
 Gell's Gravitas          Tloc           0%         N/A       71%         3
 Ignite Poison            Fire/Tmut/Pois 0%         N/A       71%         3
 Lesser Beckoning         Tloc           0%         N/A       71%         3
 Mephitic Cloud           Conj/Pois/Air  0%         N/A       71%         3
 Portal Projectile        Hex/Tloc       0%         N/A       71%         3
 Spider Form              Tmut/Pois      0%         N/A       71%         3
 Teleport Other           Tloc           0%         N/A       71%         3
 Tukima's Dance           Hex            0%         N/A       71%         3
 Airstrike                Air            0%         2d(0-16)  98%         4
 Cause Fear               Hex            0%         N/A       98%         4
 Corpse Rot               Necr/Pois/Air  0%         N/A       98%         4
 Dispel Undead            Necr           0%         3d6       98%         4
 Olgreb's Toxic Radiance  Pois           0%         N/A       98%         4
 Summon Lightning Spire   Summ/Air       0%         N/A       98%         4
 Agony                    Necr           0%         N/A       100%        5
 Blade Hands              Tmut           0%         N/A       100%        5
 Freezing Cloud           Conj/Ice/Air   0%         6-21      100%        5
 Silence                  Hex/Air        0%         N/A       100%        5
 Death Channel            Necr           0%         N/A       100%        6
 Dispersal                Tloc           0%         N/A       100%        6
 Storm Form               Tmut/Air       0%         N/A       100%        7


Dungeon Overview and Level Annotations

Branches:
Dungeon (15/15)            Temple (1/1) D:4            Lair (0/5) D:10
    Orc (0/2) D:10         Vaults (0/5) D:13         Depths (2/4) D:15

Altars:
Ashenzari
Cheibriados
Dithmenos
Elyvilon
Fedhas
Gozag
Hepliaklqana
Kikubaaqudgha
Makhleb
Nemelex Xobeh
Okawaru
Qazlal
Ru
Sif Muna
Trog
Uskayaw
Vehumet
Wu Jian
Xom
Yredelemnul
Zin
The Shining One

Shops:
D:2 (

Annotations:
Depths:1 exclusion: orange crystal statue


Innate Abilities, Weirdness & Mutations

You are small and have problems with some larger weapons.
You are completely attuned to the shadows.
You have a pair of small antennae on your head.
You are completely covered in iridescent scales. (AC +6)
You occasionally lose the ability to drink potions when taking damage.


Message History

You hear a shout!
You hear a horrible gurgling sound!
As you read the scroll of teleportation, it crumbles to dust.
You feel strangely unstable.
You hear a shout!
You hear a horrible gurgling sound!
The spriggan berserker hits you with a +2 antimagic war axe!
You feel your power leaking away. You block the spriggan rider's attack.
The elephant tramples you!
You stumble backwards!
Fire: M) +4 arbalest (chaos)
Press: ? - help, Q - select action, (/) - cycle Shift-Dir - straight line, f/p - elephant
Aim: an elephant (heavily wounded, summoned, berserk, umbra, 93% to hit)
You shoot a bolt.
The bolt hits the elephant but does no damage.
The elephant is heavily wounded.
The elephant barely misses you. The elephant completely misses you.
The spriggan berserker utters an invocation to Trog.
The death yak goes berserk!
The spriggan rider closely misses you. The elephant tramples you!!
You feel threatened and lose the ability to drink potions!
* * * LOW HITPOINT WARNING * * *
You stumble backwards!
Fire: M) +4 arbalest (chaos)
Press: ? - help, Q - select action, (/) - cycle Shift-Dir - straight line, f/p - elephant
Aim: an elephant (heavily wounded, summoned, berserk, umbra, 93% to hit)
You shoot a bolt. The bolt hits the elephant!!
The bolt burns the elephant!
The elephant is almost dead.
Your surroundings suddenly seem different.
Fire: M) +4 arbalest (chaos)
Press: ? - help, Q - select action, (/) - cycle Shift-Dir - straight line, f/p - elephant
Aim: an elephant (almost dead, summoned, berserk, umbra, 93% to hit)
You shoot a bolt. The bolt barely misses the elephant.
The elephant rages.
Unknown command.
The death yak attacks as you move away! The death yak gores you!!
* * * LOW HITPOINT WARNING * * *
As you read the scroll of teleportation, it crumbles to dust.
You feel strangely unstable. You block the death yak's attack.
The spriggan rider misses you. The elephant completely misses you.
You block the elephant's attack. The death yak gores you!!
You die...

. #.#.#.
###.#.....
#..#...#.#..
........#... .
#..@Yi..#.##..
#.#.#Yi...#....
..#.#.....##..
..#.#.#.#..i.).
.....#...#.##..
..........i...
........<#.
........##
......###


You could see a death yak (summoned, berserk), an elephant (summoned, berserk),
a spriggan rider and a spriggan berserker.

Vanquished Creatures
  A lich (Depths:1)
  The ghost of Oxzetid the Thaumaturge, a journeyman DsFE of Vehumet (D:12)
  Harold (D:11)
  2 hydras
  2 two-headed ogres
  Erica (D:8)
  A boulder beetle (D:13)
  5 centaur warriors
  4 tengu warriors
  A deep troll shaman (Depths:1)
  A vampire mage (Depths:1)
  A deep troll earth mage (Depths:1)
  A death yak (D:13)
  Sonja (D:13)
  5 deep trolls (Depths:1)
  2 wizards
  2 necromancers
  An orc knight (D:15)
  A deep elf pyromancer (D:13)
  A deep elf zephyrmancer (D:15)
  18 ugly things
  5 cyclopes
  A wolf spider zombie (D:15)
  3 orc sorcerers (D:15)
  A centaur zombie (D:15)
  A guardian serpent (shapeshifter) (D:12)
  5 gargoyles
  A kobold demonologist (D:11)
  Maggie (D:8)
  A centaur skeleton (D:15)
  An unseen horror (D:12)
  An efreet (D:13)
  3 tengu conjurers
  5 yaktaurs (D:15)
  3 trolls
  A hornet (shapeshifter) (D:14)
  A hornet (Depths:2)
  6 slime creatures
  2 centaur simulacra
  Sigmund (D:3)
  2 shadows (D:12)
  8 yaks
  A vampire (D:12)
  A spriggan (Depths:2)
  2 water elementals (D:13)
  2 wraiths
  2 wyverns
  3 basilisks
  A steam dragon (D:6)
  A basilisk (shapeshifter) (D:12)
  A harpy simulacrum (D:13)
  2 acid dragons
  6 orc warriors
  A black bear (shapeshifter) (D:13)
  A hornet zombie (D:15)
  2 ice beasts
  A sky beast (D:7)
  4 black bears
  A wolf (D:13)
  10 centaurs
  A phantom (D:6)
  2 bullfrogs (D:7)
  3 kobold brigands
  2 gnoll sergeants
  A necrophage (D:6)
  5 wights (D:7)
  17 killer bees
  2 howler monkeys (D:13)
  2 electric eels (D:10)
  A jelly (D:7)
  A gnoll bouda (D:5)
  7 orc priests
  6 iguanas
  26 orc wizards
  22 gnolls
  7 adders
  A shadow imp (D:6)
  16 white imps
  An ufetubus (D:13)
  3 worms
  A dart slug (D:3)
  57 orcs
  7 ball pythons
  4 bats
  3 endoplasms
  4 giant cockroaches
  4 goblins
  5 hobgoblins
  7 jackals
  12 kobolds
  2 quokkas
  2 frilled lizards (D:1)
  2 rats (D:1)
384 creatures vanquished.

Vanquished Creatures (collateral kills)
  An ice dragon (Depths:1)
  2 deep troll earth magi (Depths:1)
  A deep troll (Depths:1)
  5 ugly things
9 creatures vanquished.

Vanquished Creatures (others)
  A rakshasa (D:15)
  A kobold (D:8)
2 creatures vanquished.

Grand Total: 395 creatures vanquished

Notes
Turn   | Place    | Note
-------+----------+-------------------------------------------
     0 | D:1      | DearGrease the Kobold Hunter began the quest for the Orb.
     0 | D:1      | Reached XP level 1. HP: 12/12 MP: 1/1
   349 | D:1      | Reached XP level 2. HP: 4/17 MP: 2/2
   747 | D:1      | Got the Tome of the Enchanting Storm
   780 | D:1      | Reached skill level 6 in Ranged Weapons
  1541 | D:2      | Reached XP level 3. HP: 22/22 MP: 3/3
  1569 | D:2      | Reached XP level 4. HP: 7/27 MP: 4/4
  2080 | D:2      | Found Ehiystoa's Antique Weapon Shoppe.
  2415 | D:2      | Identified a scroll of acquirement
  2417 | D:2      | Acquired 1068 gold pieces
  2432 | D:2      | Bought a translucent arbalest for 228 gold pieces
  2432 | D:2      | Identified the +1 arbalest of Tumult {speed, Dex+2} (You
                  | bought it in a shop on level 2 of the Dungeon)
  2463 | D:2      | Reached skill level 7 in Ranged Weapons
  2672 | D:2      | Found a faded altar of an unknown god.
  3443 | D:3      | Noticed Sigmund
  3450 | D:3      | Killed Sigmund
  3451 | D:3      | Reached skill level 8 in Ranged Weapons
  3451 | D:3      | Reached skill level 1 in Armour
  3451 | D:3      | Reached XP level 5. HP: 32/32 MP: 5/5
  3451 | D:3      | Reached XP level 6. HP: 37/37 MP: 6/6
  4280 | D:4      | Found a staircase to the Ecumenical Temple.
  4289 | Temple   | Entered the Ecumenical Temple
  4462 | Temple   | Became a worshipper of Dithmenos the Shadowed
  4530 | D:4      | Reached XP level 7. HP: 33/41 MP: 7/7
  4809 | D:4      | Reached skill level 9 in Ranged Weapons
  5089 | D:4      | Found a broken altar of Ashenzari.
  5303 | D:4      | Got the Anthology of Non-Euclidean Toxicity
  5372 | D:5      | Entered Level 5 of the Dungeon
  5436 | D:5      | Reached * piety under Dithmenos
  5563 | D:5      | Reached XP level 8. HP: 48/48 MP: 8/8
  5722 | D:5      | Reached skill level 10 in Ranged Weapons
  5807 | D:5      | Reached skill level 5 in Fighting
  6274 | D:6      | Reached skill level 11 in Ranged Weapons
  6331 | D:6      | Acquired the +1 helmet of Good Intentions {Harm Rampage
                  | rCorr SInv}
  6626 | D:6      | Reached XP level 9. HP: 54/54 MP: 9/9
  6751 | D:7      | Reached skill level 12 in Ranged Weapons
  6775 | D:7      | Reached ** piety under Dithmenos
  6957 | D:7      | Reached skill level 13 in Ranged Weapons
  7222 | D:7      | Reached skill level 14 in Ranged Weapons
  7589 | D:8      | Noticed Erica
  7599 | D:8      | Killed Erica
  7600 | D:8      | Reached skill level 15 in Ranged Weapons
  7600 | D:8      | Reached skill level 1 in Shields
  7600 | D:8      | Reached XP level 10. HP: 61/61 MP: 10/10
  7714 | D:8      | Identified the +0 leather armour "Earthly Heaven" {rElec
                  | Stlth+}
  8056 | D:8      | Reached skill level 16 in Ranged Weapons
  8073 | D:8      | Noticed Maggie
  8084 | D:8      | Killed Maggie
  8086 | D:8      | Reached *** piety under Dithmenos
  9464 | D:10     | Entered Level 10 of the Dungeon
  9532 | D:10     | Reached skill level 17 in Ranged Weapons
  9533 | D:10     | Reached XP level 11. HP: 68/68 MP: 11/11
  9539 | D:10     | Reached **** piety under Dithmenos
  9979 | D:10     | Reached skill level 5 in Dodging
 10019 | D:10     | Found a staircase to the Lair.
 10296 | D:10     | Reached skill level 18 in Ranged Weapons
 10612 | D:10     | Found a staircase to the Orcish Mines.
 11124 | D:11     | Noticed a two-headed ogre
 11130 | D:11     | Killed a two-headed ogre
 11319 | D:11     | Reached ***** piety under Dithmenos
 11395 | D:11     | Noticed a cyclops
 11400 | D:11     | Killed a cyclops
 11485 | D:11     | Noticed Harold
 11493 | D:11     | Killed Harold
 11853 | D:12     | Found a gate leading to a gauntlet.
 12021 | D:12     | Reached skill level 19 in Ranged Weapons
 12376 | D:12     | Found a runed translucent gate.
 12377 | D:12     | Found a runed translucent gate.
 12378 | D:12     | Found a runed translucent gate.
 12412 | D:12     | Noticed Oxzetid's ghost (journeyman DsFE)
 12429 | D:12     | Killed Oxzetid's ghost
 12430 | D:12     | Reached XP level 12. HP: 36/76 MP: 12/12
 12727 | D:12     | Identified the amulet of Erghop Odink {Fragile Regen+
                  | Int+5}
 12918 | D:12     | Gained mutation: You sometimes lose your temper in combat.
                  | [potion of mutation]
 12918 | D:12     | Gained mutation: You are dopey. (Int -2) [potion of
                  | mutation]
 12918 | D:12     | Gained mutation: Your magical capacity is low. (-10% MP)
                  | [potion of mutation]
 12918 | D:12     | Gained mutation: You have a pair of small horns on your
                  | head. [potion of mutation]
 12919 | D:12     | Lost mutation: You sometimes lose your temper in combat.
                  | [potion of mutation]
 12919 | D:12     | Lost mutation: Your magical capacity is low. (-10% MP)
                  | [potion of mutation]
 12919 | D:12     | Lost mutation: You have a pair of small horns on your head.
                  | [potion of mutation]
 12919 | D:12     | Gained mutation: You sometimes lose your temper in combat.
                  | [potion of mutation]
 12919 | D:12     | Gained mutation: You have supernaturally acute eyesight.
                  | (SInv) [potion of mutation]
 12920 | D:12     | Lost mutation: You sometimes lose your temper in combat.
                  | [potion of mutation]
 12920 | D:12     | Lost mutation: You have supernaturally acute eyesight.
                  | (SInv) [potion of mutation]
 12920 | D:12     | Gained mutation: You are partially covered in iridescent
                  | scales. (AC +2) [potion of mutation]
 12920 | D:12     | Gained mutation: You have a beak for a mouth. [potion of
                  | mutation]
 12920 | D:12     | Gained mutation: You are mostly covered in iridescent
                  | scales. (AC +4) [potion of mutation]
 12921 | D:12     | Lost mutation: You are dopey. (Int -2) [potion of mutation]
 12921 | D:12     | Lost mutation: You have a beak for a mouth. [potion of
                  | mutation]
 12921 | D:12     | Gained mutation: You occasionally lose the ability to drink
                  | potions when taking damage. [potion of mutation]
 12921 | D:12     | Gained mutation: You have a pair of small antennae on your
                  | head. [potion of mutation]
 12921 | D:12     | Gained mutation: You are completely covered in iridescent
                  | scales. (AC +6) [potion of mutation]
 13318 | D:13     | Noticed a six-headed hydra
 13322 | D:13     | Killed a six-headed hydra
 13379 | D:13     | Reached skill level 10 in Fighting
 13432 | D:13     | Reached skill level 20 in Ranged Weapons
 13464 | D:13     | Noticed a death yak
 13471 | D:13     | Killed a death yak
 13670 | D:13     | Reached skill level 5 in Stealth
 13741 | D:13     | Noticed a tengu warrior
 13746 | D:13     | Killed a tengu warrior
 14094 | D:13     | Noticed Sonja
 14100 | D:13     | Killed Sonja
 14107 | D:13     | Reached XP level 13. HP: 78/84 MP: 13/13
 14161 | D:13     | Found a gate to the Vaults.
 14290 | D:13     | Noticed a boulder beetle
 14299 | D:13     | Killed a boulder beetle
 14556 | D:14     | Reached skill level 21 in Ranged Weapons
 14927 | D:14     | Noticed a centaur warrior
 14929 | D:14     | Killed a centaur warrior
 15491 | D:14     | Reached skill level 22 in Ranged Weapons
 15671 | D:14     | Noticed a centaur warrior
 15676 | D:14     | Killed a centaur warrior
 15748 | D:15     | Entered Level 15 of the Dungeon
 15921 | D:15     | Reached XP level 14. HP: 80/94 MP: 14/14
 16595 | D:15     | Paralysed by an orc sorcerer for 3 turns
 16616 | D:15     | Found a staircase to the Depths.
 17262 | D:15     | Reached skill level 23 in Ranged Weapons
 17536 | Depths:1 | Entered Level 1 of the Depths
 17543 | Depths:1 | Reached ****** piety under Dithmenos
 17797 | Depths:1 | Identified the +3 great sword of Fididohi {flame, rC+
                  | Stlth+}
 17859 | Depths:1 | Reached skill level 15 in Fighting
 17875 | Depths:1 | Reached XP level 15. HP: 43/103 MP: 15/15
 17966 | Depths:1 | Noticed a lich
 17970 | Depths:1 | Killed a lich
 18120 | Depths:1 | Found a sparkling altar of Nemelex Xobeh.
 18178 | Depths:1 | You fall into a shaft and drop 1 floor!
 18194 | Depths:2 | Annihilated by a death yak

Illustrated notes

Levels and vault maps discovered:
D:1:      dpeg_arrival_stone_temple_mockup, layout_loops_corners, serial_glass,
          glass_columns_c, glass_columns_c, chequers_decorated_corner
D:2:      layout_basic, serial_co_window_serial, co_window_paths_a,
          co_window_paths_a, co_window_of_opportunity_a, co_window_paths_a,
          co_window_corner_a, co_window_unsneaky_path_c, co_window_corner_b,
          co_window_corner_b, co_window_cross_4, co_window_paths_c,
          co_window_unsneaky_path_d, co_window_paths_d, co_window_4corner_b,
          glass_columns_a, glass_columns_b, nicolae_ecumenical_lake_church,
          serial_shops, nicolae_shop_hallway_stairs, nicolae_underground_beach
D:3:      layout_loops_ring, uniq_sigmund
D:4:      layout_basic, nicolae_overflow_crystal_walls,
          minmay_temple_entry_purple_smoke
D:5:      layout_layer_cave
D:6:      layout_basic
D:7:      layout_gridville
D:8:      layout_cave_pools, special_room [special_room_orc], uniq_maggie,
          uniq_erica
D:9:      layout_stronghold, st_stairs_5
D:10:     layout_long_grid, lair_entry_dummy, erik_orc_2
D:11:     layout_basic, uniq_harold
D:12:     layout_long_grid, ebering_ghost_rock_garden, gauntlet_entry_generic
D:13:     layout_gridville, david_vaults_1, serial_ice, serial_ice_d,
          serial_ice_j, serial_ice_m, serial_ice_e, serial_ice_h, serial_ice_n,
          portal_ice_cave_entry_imps, uniq_sonja
D:14:     layout_roguey
D:15:     grunt_enter_depths_magical_seal, layout_rooms
Temple:   kilobyte_greek_temple
Depths:1: layout_honeycomb, nemelex_lonely_heart_becter, abyss_entry,
          hellmouth_1, dpeg_stationary_puzzle
Depths:2: kennysheep_demon_jail, layout_cave_pools, serial_shops,
          nicolae_shop_advertising_works [nicolae_subvault_shop_adworks],
          hangedman_coc_ice_floe, mu_enter_wizlab_6, rand_demon_pan_entry_7,
          kennysheep_donut, hangedman_decor_diamond_cutter,
          infiniplex_staircase_pillars_1, uniq_josephina

Skill      XL: |  1  2  3  4  5  6  7  8  9 10 11 12 13 14 |
---------------+-------------------------------------------+-----
Ranged Weapons | 6 8 9 11 15 17 19 20 22 23 | 23.4
Fighting       | 3 4 5 6 7 9 11 13 15 | 15.2
Armour         | 1 2 |  2.5
Stealth        | 2 3 4 5 6 |  6.3
Dodging        | 3 4 5 6 7 9 |  9.6
Shields        | 1 2 3 |  3.8
Evocations     | |  0.5

Action                   |  1- 3 |  4- 6 |  7- 9 | 10-12 | 13-15 || total
-------------------------+-------+-------+-------+-------+-------++-------
 Fire: Shortbow          |    63 |    31 |       |       |       ||    94
       Arbalest          |       |    51 |   172 |   418 |   280 ||   921
Evoke: Box of beasts     |       |       |       |     1 |     1 ||     2
  Use: Scroll            |       |     5 |     2 |    11 |     9 ||    27
       Potion            |       |       |     2 |     9 |     4 ||    15
Armor: Leather armour    |     6 |     3 |       |       |       ||     9
       Steam dragon scal |       |       |     1 |    16 |    44 ||    61
Dodge: Dodged            |    45 |    19 |    39 |   107 |   136 ||   346
Block: Other             |     8 |     6 |    10 |    16 |    32 ||    72
       Reflection        |       |     1 |       |     1 |     7 ||     9
